 Dungeon Crawl Stone Soup version 0.31-a0-188-g5e087ee2ca (webtiles) character file.

Game seed: 17424711876398372017

114 qw the Skirmisher (level 4, 0/25 HPs)
             Began as a Deep Elf Hunter on June 23, 2023.
             Slain by a gnoll
             ... wielding a +0 spear
              (4 damage)
             ... on level 2 of the Dungeon.
             The game lasted 00:00:41 (1605 turns).

qw the Skirmisher (Deep Elf Hunter)                 Turns: 1605, Time: 00:00:42

Health: 0/25       AC:  7    Str: 10    XL:     4   Next: 67%
Magic:  6/6        EV:  9    Int: 14    God:
Gold:   117        SH:  0    Dex: 18    Spells: 3/3 levels left

rFire   . . .        Y - +0 shortbow
rCold   . . .        (shield currently unavailable)
rNeg    . . .        c - +1 scale mail {Will+}
rPois   .            (no helmet)
rElec   .            (no cloak)
rCorr   .            (no gloves)
SInv    .            (no boots)
Will    +....        (no amulet)
Stlth   +            (no ring)
HPRegen 0.24/turn    (no ring)
MPRegen 0.10/turn

%: no passive effects
@: lethally poisoned (0 -> -1)
A: no striking features
a: no special abilities


You were on level 2 of the Dungeon.
You visited 1 branch of the dungeon, and saw 3 of its levels.

You collected 117 gold pieces.


   Skills:
 - Level 1.5 Fighting
 + Level 8.1 Ranged Weapons
 - Level 2.4 Dodging
 - Level 1.2 Stealth


You had 3 spell levels left.
You didn't know any spells.
Your spell library was empty.

Inventory:

Hand Weapons
 Y - a +0 shortbow (weapon)
Armour
 c - a +1 scale mail of willpower (worn)
Potions
 a - a potion of attraction {unknown}
 e - a potion of haste {unknown}
 h - a potion of brilliance {unknown}
 i - a potion of might {unknown}

Dungeon Overview and Level Annotations

Branches:
Dungeon (3/15)

Altars:


Message History

You climb downwards.
The adder bites you but does no damage. The gnoll hits you but does no damage.
The adder closely misses you.
There is a stone staircase leading up here.
You shoot an arrow. The arrow hits the adder.
The adder is lightly wounded.
The adder barely misses you. The adder bites you. The gnoll closely misses you.
The kobold hits you with a +0 dagger.
You shoot an arrow. The arrow misses the adder.
The adder bites you but does no damage. The gnoll closely misses you.
The gnoll barely misses you. The kobold hits you with a +0 dagger.
The adder bites you but does no damage.
1599 ||| STAIRDANCE The kobold closely misses you.
The gnoll barely misses you. The gnoll closely misses you.
The adder bites you but does no damage.
You climb upwards.
There is a stone staircase leading down here.
You shoot an arrow. The arrow barely misses the adder.
The kobold hits you with a +0 dagger. The adder bites you but does no damage.
The gnoll hits you with a +0 spear.
You shoot an arrow. The arrow barely misses the adder.
The adder bites you but does no damage. The kobold hits you but does no damage.
The gnoll hits you but does no damage. The adder bites you.
You are poisoned.
The adder poisons you! The kobold barely misses you.
The gnoll hits you but does no damage.
You shoot an arrow. The arrow barely misses the adder.
You feel sick. The adder bites you but does no damage.
The kobold hits you but does no damage. The gnoll hits you with a +0 spear.
The adder bites you.
You shoot an arrow. The arrow hits the adder.
The adder is lightly wounded.
You feel sick. The adder closely misses you. The kobold closely misses you.
The gnoll hits you but does no damage.
You shoot an arrow. The arrow hits the adder!
The adder is almost dead.
You feel sick. The adder bites you but does no damage.
The kobold hits you but does no damage. The gnoll misses you.
The adder misses you. The kobold barely misses you.
The gnoll hits you with a +0 spear.
You die...

#.#
####.#...##########
#.# #.#..## #.#
#.#..# #.# #.#.##
#.# #...# #.# #.#.#
#.# ###.#.# #.#
#Kg.#.############
#.#
#@S.........[....)
#.#
####....##########
#.# #....'.........
#.# #....##########
#.# #....# #.#
#....# #### #.#
###### ###... #.#
#.%... #.# #.#.?.


You could see a gnoll, an adder and a kobold.

Vanquished Creatures
  Jessica (D:2)
  A gnoll (D:2)
  3 adders (D:2)
  A worm (D:2)
  2 dart slugs (D:2)
  3 endoplasms
  A giant cockroach (D:1)
  3 goblins
  2 hobgoblins
  3 jackals (D:1)
  3 quokkas (D:1)
  3 ball pythons
  8 bats
  2 frilled lizards (D:1)
  3 kobolds
  7 rats
46 creatures vanquished.

Notes
Turn   | Place    | Note
-------+----------+-------------------------------------------
     0 | D:1      | qw the Deep Elf Hunter began the quest for the Orb.
     0 | D:1      | Reached XP level 1. HP: 12/12 MP: 3/3
     0 | D:1      | 0 ||| qw: Version: 0.3-a-9-g12657ce
     0 | D:1      | 0 ||| qw: Game counter: 3093
     0 | D:1      | 0 ||| qw: Always use a shield: true
     0 | D:1      | 0 ||| qw: God list: Okawaru
     0 | D:1      | 0 ||| qw: Allow faded altars: false
     0 | D:1      | 0 ||| qw: Do Orc after D:15 true
     0 | D:1      | 0 ||| qw: Do second Lair branch before Depths: true
     0 | D:1      | 0 ||| qw: Lair rune preference: random
     0 | D:1      | 0 ||| qw: Plans: Normal
     0 | D:1      | 0 ||| PLANNING D:1-11
   132 | D:1      | Reached XP level 2. HP: 16/16 MP: 4/4
   138 | D:1      | Reached skill level 6 in Ranged Weapons
   253 | D:1      | HP: 4/16 [jackal (1)]
   391 | D:1      | Reached XP level 3. HP: 20/20 MP: 5/5
   521 | D:1      | 521 ||| UPGRADING to +0 ring mail.
   531 | D:1      | 531 ||| DROPPING +0 leather armour.
   532 | D:1      | 532 ||| READING scroll labelled WARPHE NAURR.
   537 | D:1      | 537 ||| READING scroll labelled FUJEUL WADD.
   538 | D:1      | 538 ||| READING scroll labelled GUOSMI BEHOIK.
   539 | D:1      | 539 ||| READING scroll labelled KOTRAR QITOS.
   640 | D:1      | 640 ||| DROPPING scroll of butterflies.
   799 | D:2      | Reached skill level 7 in Ranged Weapons
   880 | D:2      | Noticed Jessica
   885 | D:2      | Killed Jessica
   886 | D:2      | Reached XP level 4. HP: 20/25 MP: 6/6
  1504 | D:2      | 1504 ||| UPGRADING to +1 scale mail of willpower.
  1514 | D:2      | 1514 ||| DROPPING +0 ring mail.
  1515 | D:2      | 1515 ||| DRINKING 2 fuming yellow potions.
  1516 | D:2      | 1516 ||| DROPPING potion of invisibility.
  1573 | D:3      | 1573 ||| STAIRDANCE
  1576 | D:2      | Reached skill level 8 in Ranged Weapons
  1599 | D:3      | 1599 ||| STAIRDANCE
  1603 | D:2      | HP: 6/25 [adder (1)]
  1605 | D:2      | Slain by a gnoll

Levels and vault maps discovered:
D:1:      lightli_arrival_boilingwater, layout_basic, minmay_indecisive_spiral
D:2:      layout_basic, uniq_jessica
D:3:      layout_loops_ring, mainiacjoe_overflow_catwalk_spiral, uniq_ijyb

Skill      XL: |  1  2  3  4 |
---------------+-------------+-----
Ranged Weapons | 6 7 8 |  8.1
Fighting       | |  1.5
Dodging        | |  2.4
Stealth        | |  1.2

Action                     |  1- 3 |  4- 6 || total
---------------------------+-------+-------++-------
   Fire: Shortbow          |   118 |    38 ||   156
    Use: Scroll            |     4 |       ||     4
         Potion            |       |     1 ||     1
 Armour: Leather armour    |    19 |       ||    19
         Ring mail         |     7 |     8 ||    15
         Scale mail        |       |    17 ||    17
  Dodge: Dodged            |    37 |    23 ||    60

Table legend:
 A = Non-vault XP
 B = Vault XP
 C = Vault XP percentage of total XP
 D = Non-vault monster count
 E = Vault monster count
 F = Vault count percentage of total count
                 A         B        C        D         E       F
            +---------+---------+-------+---------+---------+-------
      Total |     120 |      44 |  26.8 |      41 |       5 |  10.9
            +---------+---------+-------+---------+---------+-------
        D:1 |      35 |       7 |  16.7 |      22 |       4 |  15.4
        D:2 |      85 |      37 |  30.3 |      19 |       1 |   5.0
            +---------+---------+-------+---------+---------+-------
